 Dungeon Crawl Stone Soup version 0.31-a0-435-g2c6fae2916 (webtiles) character file.

Game seed: 8579216237599084238

1408 Newt the Spear-Bearer (level 8, -2/67 HPs)
             Began as a Merfolk Gladiator on Aug 1, 2023.
             Was an Initiate of Yredelemnul.
             Slain by Joseph
             ... wielding a +0 quarterstaff
              (20 damage)
             ... on level 7 of the Dungeon.
             The game lasted 00:06:21 (5515 turns).

Newt the Spear-Bearer (Merfolk Gladiator)           Turns: 5515, Time: 00:06:21

Health: -2/67      AC:  5    Str: 17    XL:     8   Next: 70%
Magic:  8/8        EV: 15    Int:  7    God:    Yredelemnul [......]
Gold:   599        SH:  5    Dex: 15    Spells: 7/7 levels left

rFire   . . .        a - +4 trident
rCold   . . .        (no shield)
rNeg    . . .        b - +0 leather armour
rPois   .            c - +1 helmet
rElec   .            (no cloak)
rCorr   .            (no gloves)
SInv    .            (no boots)
Will    .....        p - amulet of reflection
Stlth   +            (no ring)
HPRegen 0.31/turn    (no ring)
MPRegen 0.11/turn

%: reflection
@: no status effects
A: (nimble swimmer 2), mertail
a: Renounce Religion, Recall Undead Harvest


You were on level 7 of the Dungeon.
You worshipped Yredelemnul.
Yredelemnul was noncommittal.
You visited 2 branches of the dungeon, and saw 8 of its levels.

You collected 599 gold pieces.

Inventory:

Hand Weapons
 a - a +4 trident (weapon)
 j - a +0 halberd
Missiles
 d - 3 throwing nets (quivered)
 e - a javelin
Armour
 b - a +0 leather armour (worn)
 c - a +1 helmet (worn)
Jewellery
 k - an amulet of the acrobat
 l - a ring of ice
 p - an amulet of reflection (around neck)
Wands
 o - a wand of flame (40)
 t - a wand of iceblast (6)
Scrolls
 g - a scroll of noise
 h - a scroll of blinking
 i - 4 scrolls of teleportation
 m - a scroll of amnesia
 r - a scroll of fear
Potions
 f - a potion of berserk rage
 n - 2 potions of heal wounds
 q - a potion of cancellation
 s - a potion of brilliance {unknown}
 v - a potion of attraction


   Skills:
 - Level 7.0 Fighting
 + Level 10.3 Polearms
 - Level 2.0 Throwing
 - Level 7.0 Dodging


You had 7 spell levels left.
You didn't know any spells.
Your spell library contained the following spells:

 Spells                   Type           Power      Damage    Failure   Level
 Sandblast                Erth           0%         2d4       50%         1
 Summon Small Mammal      Summ           0%         N/A       50%         1
 Passwall                 Tmut/Erth      0%         N/A       65%         2
 Call Canine Familiar     Summ           0%         N/A       86%         3
 Gell's Gravitas          Tloc           0%         N/A       86%         3
 Stone Arrow              Conj/Erth      0%         3d7       86%         3
 Summon Guardian Golem    Hex/Summ       0%         N/A       86%         3
 Teleport Other           Tloc           0%         N/A       86%         3
 Animate Armour           Summ/Erth      0%         N/A       99%         4
 Conjure Ball Lightning   Conj/Air       0%         3x3d6     100%        6
 Dispersal                Tloc           0%         N/A       100%        6
 Discord                  Hex            0%         N/A       100%        8
 Disjunction              Tloc           0%         N/A       100%        8
 Lehudib's Crystal Spear  Conj/Erth      0%         10d2      100%        8


Dungeon Overview and Level Annotations

Branches:
Dungeon (7/15)             Temple (1/1) D:4

Altars:
Ashenzari
Cheibriados
Dithmenos
Elyvilon
Fedhas
Gozag
Makhleb
Nemelex Xobeh
Okawaru
Qazlal
Ru
Sif Muna
Trog
Uskayaw
Vehumet
Wu Jian
Xom
Yredelemnul
Zin
The Shining One

Annotations:
D:7 Joseph


Innate Abilities, Weirdness & Mutations

((You are very nimble when in or above water. (Stealth+, EV+, Speed+++)))
Your lower body shifts to a powerful aquatic tail in water.


Message History

Joseph is heavily wounded.
Joseph hits you with a +0 quarterstaff!
You puncture Joseph!
Joseph is severely wounded.
You block Joseph's attack.
Your jelly zombie hits Joseph but does no damage.
You puncture Joseph!
Joseph is severely wounded.
You hit Joseph.
Joseph is severely wounded.
You block Joseph's attack.
Your jelly zombie completely misses Joseph.
You barely miss Joseph.
Joseph is severely wounded.
You block Joseph's attack.
You barely miss Joseph.
Joseph is severely wounded.
Your jelly zombie hits Joseph.
Joseph hits your jelly zombie with a +0 quarterstaff!
You barely miss Joseph.
Joseph is severely wounded.
You hit Joseph but do no damage.
Joseph is severely wounded.
Joseph hits you with a +0 quarterstaff!
Your jelly zombie closely misses Joseph.
You barely miss Joseph.
Joseph is severely wounded.
Joseph closely misses you.
Your jelly zombie hits Joseph but does no damage.
You hit Joseph.
Joseph is severely wounded.
Joseph hits you with a +0 quarterstaff!!
* * * LOW HITPOINT WARNING * * *
You are too injured to fight recklessly!
You are too injured to fight recklessly!
Unknown command.
Joseph attacks as you move away!
Joseph hits you with a +0 quarterstaff!!
You die...
Your body rises from the dead as a mindless zombie.

Z.......>.........
##+#..............
.#.#........##...
.#.#.#.......#.#
.....#....#....#
<......#.......#
...............#
...............######...
.........##.....@@......
.......#.##.....Z....#..
...............#<#...#
.#.#####................
.#.# #....$........... #
#.....##......#..
.......#...#### # .#+#.
#....


You could see Joseph (ally target) and a friendly jelly zombie.

Vanquished Creatures
  Sigmund (D:6)
  An ice beast (D:6)
  A centaur (D:6)
  A scorpion (D:6)
  A howler monkey (D:6)
  3 crimson imps (D:5)
  4 hounds
  3 jellies
  2 orc priests
  3 iguanas
  3 orc wizards
  3 gnolls (D:3)
  4 adders
  A shadow imp (D:6)
  A white imp (D:7)
  2 ufetubi (D:5)
  4 worms
  4 dart slugs
  7 orcs
  2 bats (D:1)
  8 endoplasms
  A giant cockroach (D:1)
  6 goblins
  8 hobgoblins
  4 jackals (D:4)
  6 kobolds
  6 quokkas
  9 ball pythons
  6 frilled lizards
  4 rats
109 creatures vanquished.

Vanquished Creatures (collateral kills)
  A steam dragon (D:6)
  A crimson imp (D:5)
  2 hounds
4 creatures vanquished.

Vanquished Creatures (others)
  An orc wizard (D:3)
  A human zombie (D:6)
  An adder zombie (D:6)
  A spectral white imp (D:7)
4 creatures vanquished.

Grand Total: 117 creatures vanquished

Notes
Turn   | Place    | Note
-------+----------+-------------------------------------------
     0 | D:1      | Newt the Merfolk Gladiator began the quest for the Orb.
     0 | D:1      | Reached XP level 1. HP: 16/16 MP: 1/1
   133 | D:1      | Reached XP level 2. HP: 10/24 MP: 2/2
   574 | D:1      | Reached XP level 3. HP: 18/30 MP: 3/3
   938 | D:1      | Found a faded altar of an unknown god.
  1344 | D:2      | Reached XP level 4. HP: 37/37 MP: 4/4
  1481 | D:2      | Reached skill level 5 in Polearms
  1770 | D:3      | Reached skill level 6 in Polearms
  1825 | D:3      | Reached XP level 5. HP: 23/42 MP: 5/5
  2164 | D:3      | Reached skill level 7 in Polearms
  2184 | D:3      | Reached XP level 6. HP: 22/46 MP: 6/6
  2553 | D:4      | Reached skill level 8 in Polearms
  3035 | D:4      | Found a staircase to the Ecumenical Temple.
  3085 | D:4      | Found an ornate altar of the Wu Jian Council.
  3114 | Temple   | Entered the Ecumenical Temple
  3139 | Temple   | Became a worshipper of Yredelemnul the Dark
  3439 | D:5      | Entered Level 5 of the Dungeon
  3475 | D:5      | Reached skill level 9 in Polearms
  3507 | D:5      | Reached XP level 7. HP: 54/54 MP: 7/7
  3887 | D:5      | Found a shimmering altar of Xom.
  3905 | D:5      | Reached * piety under Yredelemnul
  3906 | D:5      | Reached skill level 10 in Polearms
  3918 | D:5      | Reached ** piety under Yredelemnul
  3918 | D:5      | Reached skill level 5 in Dodging
  4095 | D:6      | Reached XP level 8. HP: 37/60 MP: 8/8
  4301 | D:6      | Reached skill level 5 in Fighting
  4542 | D:6      | Found a broken altar of Ashenzari.
  4629 | D:6      | Noticed Sigmund
  4644 | D:6      | Killed Sigmund
  4888 | D:6      | Your ally Sigmund died
  5493 | D:7      | Noticed Joseph
  5515 | D:7      | Slain by Joseph

Illustrated notes

Levels and vault maps discovered:
D:1:      nagdon_arrival_double_spiral, layout_basic,
          dilly_ecumenical_altar_fadedgnrine
D:2:      layout_basic, minmay_ruptured
D:3:      layout_rooms
D:4:      layout_cave_pools, lemuel_tele_altar, minmay_temple_entry_mini_moons,
          serial_bayou, serial_bayou_pond_c, serial_bayou_pond_d,
          serial_bayou_pond_b, serial_bayou_shore_b
D:5:      layout_gridville, led_xom_imps, hangedman_decor_growths,
          nicolae_the_louvre
D:6:      layout_loops_ring, ashenzari_altar_1, dreamdust_wishing_well,
          minmay_puff, uniq_sigmund
D:7:      layout_basic, gammafunk_ghost_cemetery, uniq_joseph
Temple:   minmay_crystal_spiral_temple

Skill      XL: |  1  2  3  4  5  6  7  8 |
---------------+-------------------------+-----
Fighting       | 3 4 7 |  7.0
Polearms       | 6 7 9 10 | 10.3
Dodging        | 7 |  7.0
Throwing       | |  2.0

Action                     |  1- 3 |  4- 6 |  7- 9 || total
---------------------------+-------+-------+-------++-------
  Melee: Trident           |   110 |   163 |   113 ||   386
         Punch             |       |     1 |       ||     1
    Use: Scroll            |     3 |     6 |     5 ||    14
   Stab: Sleeping          |     3 |     3 |     2 ||     8
         Distracted        |       |       |     1 ||     1
 Armour: Leather armour    |    33 |    19 |     7 ||    59
  Dodge: Dodged            |    45 |    78 |    41 ||   164
  Block: Other             |       |     5 |    16 ||    21
         Reflection        |       |       |     2 ||     2

Table legend: (Time is in decaauts)
 A = Elapsed time spent in this place.
 B = Non-inter-level travel time spent in this place.
 C = Inter-level travel time spent in this place.
 D = Time resting spent in this place.
 E = Time spent auto-exploring this place.
 F = Levels seen in this place.
 G = Mean time per level.
                   A        B        C        D        E       F      G
               +--------+--------+--------+--------+--------+-----+--------+
         Total |   5479 |   5173 |    306 |    887 |   3482 |   8 |  684.9 |
       Dungeon |   5429 |   5173 |    256 |    887 |   3482 |   7 |  775.6 |
        Temple |     50 |      1 |     49 |      0 |      0 |   1 |   50.0 |
               +--------+--------+--------+--------+--------+-----+--------+

Top non-repeatable levels by time:
     D:6: 1430 daAuts
     D:1: 1087 daAuts
     D:4: 849 daAuts
     D:3: 800 daAuts
     D:2: 643 daAuts
     D:5: 548 daAuts
     D:7: 68 daAuts
  Temple: 50 daAuts
